 Dungeon Crawl Stone Soup version 0.30-a0-782-ge64f9170bb (webtiles) character file.

Game seed: 6816104502839071527

143 Leeroy the Slasher (level 5, 0/26 HPs)
             Began as a Vine Stalker Warper on Feb 21, 2023.
             Was an Initiate of Okawaru.
             Slain by Grinder (1 damage)
             ... on level 3 of the Dungeon.
             The game lasted 00:03:07 (1694 turns).

Leeroy the Slasher (Vine Stalker Warper)            Turns: 1694, Time: 00:03:07

Health: 0/26       AC:  3    Str: 14    XL:     5   Next: 25%
Magic:  0/9        EV: 11    Int: 13    God:    Okawaru [......]
Gold:   111        SH:  0    Dex: 15    Spells: 8/8 levels left

rFire   + . .      SeeInvis .    a - +0 falchion
rCold   . . .      Faith    .    (no shield)
rNeg    . . .      Spirit   +    b - +0 leather armour
rPois   .          Reflect  .    (no helmet)
rElec   .          Harm     .    (no cloak)
rCorr   +          Rampage  .    (no gloves)
Will    .....                    (no boots)
Stlth   +                        (no amulet)
HPRegen 1.04/turn                p - ring of protection from fire
MPRegen 0.11/turn                f - ring of resist corrosion

@: no status effects
A: fangs 2, regeneration 1, magic shield, antimagic bite, no potion heal 2
a: Renounce Religion


You were on level 3 of the Dungeon.
You worshipped Okawaru.
Okawaru was noncommittal.
You visited 1 branch of the dungeon, and saw 3 of its levels.

You collected 111 gold pieces.

Inventory:

Hand Weapons
 a - a +0 falchion (weapon)
Missiles
 d - 4 boomerangs of dispersal (quivered)
 g - 3 poisoned darts
Armour
 b - a +0 leather armour (worn)
Magical Staves
 n - a staff of cold
Jewellery
 f - a ring of resist corrosion (right hand)
 p - a ring of protection from fire (left hand)
Wands
 c - a wand of digging (2)
Scrolls
 e - a scroll of vulnerability {unknown}
 h - a scroll of immolation {unknown}
 i - a scroll of identify {unknown}
Potions
 j - 3 potions of attraction {unknown}
 k - a potion of flight {unknown}
 l - a potion of haste {unknown}
 m - 2 potions of heal wounds {unknown}
 o - a potion of might {unknown}


   Skills:
 - Level 1.7 Fighting
 + Level 4.8 Long Blades
 - Level 0.8 Throwing
 - Level 0.7 Armour
 - Level 1.5 Dodging
 - Level 2.1 Spellcasting
 - Level 3.0 Translocations


You had 8 spell levels left.
You didn't know any spells.
Your spell library contained the following spells:

 Spells                   Type           Power      Damage    Failure   Level
 Blink                    Tloc           18%        N/A       14%         2
 Lesser Beckoning         Tloc           18%        N/A       14%         2
 Teleport Other           Tloc           9%         N/A       28%         3
 Vhi's Electric Charge    Tloc/Air       10%        N/A       45%         3
 Manifold Assault         Tloc           9%         N/A       67%         4


Dungeon Overview and Level Annotations

Branches:
Dungeon (3/15)

Altars:
Ashenzari
Okawaru

Shops:
D:2 !!   D:3 [

Annotations:
D:3 Grinder, Ijyb


Innate Abilities, Weirdness & Mutations

You have extremely sharp teeth.
Your natural rate of healing is unusually fast.
When hurt, damage is shared between your health and your magic reserves.
Your bite disrupts and absorbs the magic of your enemies.
Potions cannot restore your health.


Message History

You resist with some effort.
You can move again.
You closely miss Grinder. Your bite misses Grinder.
Grinder is lightly wounded.
Grinder hits you but does no damage.
You closely miss Grinder.
Grinder is lightly wounded.
Grinder gestures at you. You resist with some effort.
You barely miss Grinder. Your bite misses Grinder.
Grinder is lightly wounded.
Grinder gestures at you. Pain shoots through your body!
You closely miss Grinder.
Grinder is lightly wounded.
Grinder says, "Wait up."
Grinder barely misses you.
Okay, then.
You don't know any spells.
Okay, then.
Throw: 6 boomerangs (disperse)
Press: ? - help, Q - select action, (/) - cycle Shift-Dir - straight line, f - Grinder
Aim: Grinder (lightly wounded, 53% to hit)
You throw a boomerang of dispersal.
The boomerang of dispersal closely misses Grinder.
The boomerang of dispersal hits Ijyb.
Ijyb blinks!
Grinder hits you! x2
* * * LOW HITPOINT WARNING * * *
You hit Grinder but do no damage.
Grinder is lightly wounded.
Grinder hits you but does no damage.
Throw: 5 boomerangs (disperse)
Press: ? - help, Q - select action, (/) - cycle Shift-Dir - straight line, f/p - Grinder
Aim: Grinder (lightly wounded, 53% to hit)
You throw a boomerang of dispersal.
The boomerang of dispersal closely misses Grinder.
Grinder hits you!
* * * LOW HITPOINT WARNING * * *
You writhe in agony.
You die...

..##...#.#..##............
.# #.# #............ . ..
#............ .. #.
#............
#.......>.... ##.
##.$......... ....#
###.....#..<
......##.!..##.###
.......5@...# .#
..#.##.≈≈≈### . #..≈## #
>..... ~.###..# ..≈. ##..
... ### ≈~.


You could see Grinder.

Vanquished Creatures
  Natasha (D:3)
  Robin (D:3)
  2 adders (D:3)
  2 worms
  5 dart slugs
  3 bats
  8 endoplasms
  A giant cockroach (D:1)
  8 goblins
  11 hobgoblins
  3 jackals (D:1)
  2 quokkas
  5 ball pythons
  2 frilled lizards (D:2)
  10 kobolds
  4 rats
68 creatures vanquished.

Notes
Turn   | Place    | Note
-------+----------+-------------------------------------------
     0 | D:1      | Leeroy the Vine Stalker Warper began the quest for the Orb.
     0 | D:1      | Reached XP level 1. HP: 11/11 MP: 4/4
    24 | D:1      | Reached skill level 2 in Long Blades
   137 | D:1      | Reached XP level 2. HP: 12/15 MP: 3/6
   500 | D:1      | Reached skill level 3 in Long Blades
   510 | D:1      | Reached XP level 3. HP: 13/18 MP: 4/7
   823 | D:2      | Found Azoom's Distillery.
   831 | D:2      | Found Rehunot's Distillery.
   864 | D:2      | Found a faded altar of an unknown god.
  1109 | D:2      | Found an iron altar of Okawaru.
  1118 | D:2      | Became a worshipper of Warmaster Okawaru
  1128 | D:2      | Gained mutation: Your natural rate of healing is unusually
                  | fast. [Vine Stalker growth]
  1128 | D:2      | Reached XP level 4. HP: 23/23 MP: 8/8
  1280 | D:3      | Noticed Robin
  1321 | D:3      | Reached skill level 4 in Long Blades
  1427 | D:3      | Killed Robin
  1449 | D:3      | Found Jutzem's Armour Shop.
  1530 | D:3      | Found a broken altar of Ashenzari.
  1533 | D:3      | Noticed Natasha
  1543 | D:3      | Killed Natasha
  1544 | D:3      | Reached XP level 5. HP: 20/26 MP: 6/9
  1679 | D:3      | Noticed Ijyb
  1681 | D:3      | Noticed Grinder
  1684 | D:3      | Paralysed by Grinder for 3 turns
  1694 | D:3      | HP: 1/26 [Grinder (6)]
  1694 | D:3      | Slain by Grinder

Illustrated notes

Levels and vault maps discovered:
D:1:      giann_horns, layout_basic
D:2:      layout_rooms, basic_altar, serial_shops, shop, shop,
          chequers_ecumenical_altar_simple_redux, chequers_serial_rivers_micro_a
D:3:      layout_rooms, ashenzari_conservatory_becter, serial_corexii_hall,
          chequers_hall_statues_y, corexii_hall_statues_i, serial_shops, shop,
          chequers_serial_rivers_small_b, uniq_natasha, uniq_sigmund,
          uniq_robin, uniq_crazy_yiuf_cottage, uniq_grinder, uniq_ijyb

Skill      XL: |  1  2  3  4 |
---------------+-------------+-----
Long Blades    | 2 3 4 |  4.8
Fighting       | |  1.7
Throwing       | |  0.8
Armour         | |  0.7
Dodging        | |  1.5
Spellcasting   | |  2.1
Translocations | |  3.0

Action                     |  1- 3 |  4- 6 || total
---------------------------+-------+-------++-------
  Melee: Falchion          |   112 |    93 ||   205
         Bite              |    26 |    16 ||    42
         Punch             |       |     1 ||     1
  Throw: Boomerang         |       |     3 ||     3
    Use: Scroll            |       |     1 ||     1
   Stab: Sleeping          |     2 |       ||     2
 Armour: Leather armour    |    39 |    27 ||    66
  Dodge: Dodged            |    70 |    80 ||   150

Table legend: (Time is in decaauts)
 A = Elapsed time spent in this place.
 B = Non-inter-level travel time spent in this place.
 C = Inter-level travel time spent in this place.
 D = Time resting spent in this place.
 E = Time spent auto-exploring this place.
 F = Levels seen in this place.
 G = Mean time per level.
                   A        B        C        D        E       F      G
               +--------+--------+--------+--------+--------+-----+--------+
         Total |   1728 |   1654 |     74 |     87 |   1079 |   3 |  576.0 |
       Dungeon |   1728 |   1654 |     74 |     87 |   1079 |   3 |  576.0 |
               +--------+--------+--------+--------+--------+-----+--------+

Top non-repeatable levels by time:
     D:1: 835 daAuts
     D:2: 564 daAuts
     D:3: 328 daAuts
